 Dungeon Crawl Stone Soup version 0.30-a0-879-ga8ba668304 (webtiles) character file.

Game seed: 16227773626640416185

0 hikkokomori the Gusty (level 1, 0/10 HPs)
             Began as a Tengu Air Elementalist on Mar 13, 2023.
             Slain by a hobgoblin
             ... wielding a +0 quarterstaff
              (10 damage)
             ... on level 1 of the Dungeon.
             The game lasted 00:00:13 (67 turns).

hikkokomori the Gusty (Tengu Air Elementalist)        Turns: 67, Time: 00:00:13

Health: 0/10       AC:  2    Str:  8    XL:     1   Next: 10%
Magic:  1/4        EV: 12    Int: 15    God:
Gold:   0          SH:  0    Dex: 14    Spells: 3/4 levels left

rFire   . . .      SeeInvis .    (no weapon)
rCold   . . .      Faith    .    (no shield)
rNeg    . . .      Spirit   .    a - +0 robe
rPois   .          Reflect  .    (helmet restricted)
rElec   .          Rampage  .    (no cloak)
rCorr   .                        (no gloves)
Will    .....                    (boots unavailable)
Stlth   ++                       (no amulet)
HPRegen 0.21/turn                (no ring)
MPRegen 0.09/turn                (no ring)

@: no status effects
A: beak, talons 3
a: no special abilities


You were on level 1 of the Dungeon.
You visited 1 branch of the dungeon, and saw 1 of its levels.

Inventory:

Armour
 a - a +0 robe (worn)
Potions
 b - a potion of magic


   Skills:
 + Level 2.2 Dodging
 + Level 2.0 Stealth
 + Level 2.0 Spellcasting
 + Level 1.4 Conjurations
 + Level 4.0 Air Magic


You had 3 spell levels left.
You knew the following spells:

 Your Spells              Type           Power      Damage    Failure   Level
a - Shock                 Conj/Air       36%        1d5       8%          1

Your spell library contained the following spells:

 Spells                   Type           Power      Damage    Failure   Level
 Static Discharge         Conj/Air       18%        2-3/arc   11%         2
 Swiftness                Air            13%        N/A       13%         3
 Airstrike                Air            6%         2d(1-17)  38%         4


Dungeon Overview and Level Annotations

Branches:
Dungeon (1/15)

Altars:


Innate Abilities, Weirdness & Mutations

You have a beak for a mouth.
You have claws for feet.


Message History

Casting: Shock (safe; 8% risk of failure)
Confirm with . or Enter, or press ? or * to list all spells.
You don't know that spell.
Casting: Shock (safe; 8% risk of failure)
Confirm with . or Enter, or press ? or * to list all spells.
Aiming: Shock (safe; 8% risk of failure)
Press: ? - help, Shift-Dir - straight line, f - frilled lizard
Aim: a frilled lizard (48% to hit)
You miscast Shock.
You are very lightly contaminated with residual magic.
Nothing appears to happen.
The frilled lizard barely misses you.
Unknown command.
Casting: Shock (safe; 8% risk of failure)
Confirm with . or Enter, or press ? or * to list all spells.
Aiming: Shock (safe; 8% risk of failure)
Press: ? - help, Shift-Dir - straight line, f/p - frilled lizard
Aim: a frilled lizard (48% to hit)
The zap hits the frilled lizard.
You kill the frilled lizard!
Casting: Shock (safe; 8% risk of failure)
Confirm with . or Enter, or press ? or * to list all spells.
You don't know that spell.
Your magical contamination has completely faded away.
Magic restored.
You see here a frilled lizard corpse.
A hobgoblin comes into view. It is wielding a +0 quarterstaff.
The hobgoblin shouts!
A hobgoblin is nearby!
A hobgoblin is nearby!
A hobgoblin is nearby!
The zap hits the hobgoblin but does no damage.
The hobgoblin misses you.
The zap hits the hobgoblin.
The hobgoblin is heavily wounded.
The hobgoblin closely misses you.
The zap hits the hobgoblin but does no damage.
The hobgoblin is heavily wounded.
The hobgoblin hits you with a +0 quarterstaff!
Ouch! That really hurt!
You die...

.. #.# #.. #.. #.. .#
#.. #.# #.g## #.#
#..@## #.# #....###.#
#..♣......#
#...♣♣.♣...# ##..P
♣♣P...# # ...♣♣
♣♣PP.# #. ##.P ♣♣...#
#.#.###..♣♣♣♣♣.P.P#
###.#...##.P.♣♣†.P.##


You could see a hobgoblin.

Vanquished Creatures
  A frilled lizard (D:1)
1 creature vanquished.

Notes
Turn   | Place    | Note
-------+----------+-------------------------------------------
     0 | D:1      | hikkokomori the Tengu Air Elementalist began the quest for
                  | the Orb.
     0 | D:1      | Reached XP level 1. HP: 10/10 MP: 4/4
    67 | D:1      | Slain by a hobgoblin

Illustrated notes

Levels and vault maps discovered:
D:1:      amcnicky_arrival_double_pillar, layout_loops_ring, serial_forest,
          infiniplex_forest_zigzag_1, infiniplex_forest_end_3,
          infiniplex_forest_straight_4, infiniplex_forest_clump_large,
          infiniplex_forest_straight_3, infiniplex_forest_straight_4,
          infiniplex_forest_clump_small

Action                     || total
---------------------------++-------
   Cast: Shock             ||     4
  Dodge: Dodged            ||     3

Table legend: (Time is in decaauts)
 A = Elapsed time spent in this place.
 B = Non-inter-level travel time spent in this place.
 C = Inter-level travel time spent in this place.
 D = Time resting spent in this place.
 E = Time spent auto-exploring this place.
 F = Levels seen in this place.
 G = Mean time per level.
                   A        B        C        D        E       F      G
               +--------+--------+--------+--------+--------+-----+--------+
         Total |     67 |     67 |      0 |      0 |     57 |   1 |   67.0 |
       Dungeon |     67 |     67 |      0 |      0 |     57 |   1 |   67.0 |
               +--------+--------+--------+--------+--------+-----+--------+

Top non-repeatable levels by time:
     D:1: 67 daAuts
